 Dungeon Crawl Stone Soup version 0.30.1-9-gdf580d7c3d (webtiles) character file.

Game seed: 11069415817442453461

287 Nonny the Slasher (level 6, 0/40 HPs)
             Began as a Tengu Cinder Acolyte on Oct 20, 2023.
             Was a High Priest of Ignis.
             Slain by Jessica
             ... wielding a +5 club
              (9 damage)
             ... on level 3 of the Dungeon.
             The game lasted 00:13:08 (1762 turns).

Nonny the Slasher (Tengu Cinder Acolyte)            Turns: 1762, Time: 00:13:09

Health: 0/40       AC:  7    Str: 14    XL:     6   Next: 30%
Magic:  8/8        EV: 14    Int: 18    God:    Ignis [*****.]
Gold:   125        SH:  0    Dex: 12    Spells: 4/7 levels left

rFire   + . .        b - -1 falchion (flame)
rCold   . . .        (no shield)
rNeg    . . .        q - +4 leather armour of Beogh's Inspiration {Int+4}
rPois   .            (helmet restricted)
rElec   .            (no cloak)
rCorr   .            (no gloves)
SInv    .            (boots unavailable)
Will    .....        (no amulet)
Stlth   +            (no ring)
HPRegen 0.26/turn    (no ring)
MPRegen 0.11/turn

%: no passive effects
@: flying quickly and evasively, quick
A: beak, talons 3, nimble flight
a: Renounce Religion, Fiery Armour, Foxfire Swarm, Rising Flame


You were on level 3 of the Dungeon.
You worshipped Ignis.
Ignis was extremely pleased with you.
You visited 1 branch of the dungeon, and saw 3 of its levels.

You collected 125 gold pieces.

Inventory:

Hand Weapons
 b - a -1 falchion of flaming (weapon)
 j - a +2 short sword of draining
Missiles
 s - 2 poisoned darts (quivered)
Armour
 q - the +4 leather armour of Beogh's Inspiration (worn) {Int+4}
   (You found it on level 3 of the Dungeon)

   Int:       It affects your intelligence (+4).
 r - a +1 chain mail of poison resistance
Scrolls
 d - 3 scrolls of vulnerability {unknown}
 e - a scroll of teleportation {unknown}
 f - a scroll of enchant weapon {unknown}
 g - 2 scrolls of poison {unknown}
 i - 3 scrolls of identify {unknown}
 m - a scroll of amnesia {unknown}
Potions
 a - a potion of attraction {unknown}
 c - 3 potions of heal wounds {unknown}
 h - 3 potions of curing {unknown}
 k - 2 potions of lignification {unknown}
 l - a potion of cancellation {unknown}
 n - a potion of haste {unknown}
 o - a potion of flight {unknown}
 p - a potion of brilliance {unknown}


   Skills:
 + Level 4.8 Fighting
 + Level 5.7 Long Blades
 + Level 0.2 Armour
 - Level 2.0 Dodging
 - Level 1.0 Spellcasting
 - Level 3.2 Fire Magic


You had 4 spell levels left.
You knew the following spells:

 Your Spells              Type           Power      Damage    Failure   Level
a - Scorch                Fire           24%        2d6       10%         2
b - Beastly Appendage     Tmut           0%         N/A       26%         1

Your spell library contained the following spells:

 Spells                   Type           Power      Damage    Failure   Level
 Sandblast                Erth           0%         2d4       26%         1
 Passwall                 Tmut/Erth      0%         N/A       36%         2
 Wereblood                Tmut           0%         N/A       36%         2
 Spider Form              Tmut/Pois      0%         N/A       58%         3
 Stone Arrow              Conj/Erth      0%         3d7       58%         3
 Animate Armour           Summ/Erth      0%         N/A       94%         4
 Lehudib's Crystal Spear  Conj/Erth      0%         10d2      100%        8


Dungeon Overview and Level Annotations

Branches:
Dungeon (3/15)

Altars:
Sif Muna
The Shining One

Annotations:
D:3 Grinder, Jessica


Innate Abilities, Weirdness & Mutations

You have a beak for a mouth.
You have claws for feet.
Your magical nature lets you fly swiftly and evasively.


Message History

You reach down and close the door.
Grinder opens the door.
Grinder gestures at you. You resist with significant effort.
Grinder blinks!
You see here 2 poisoned darts.
s - 2 poisoned darts Grinder is nearby!
Grinder gestures at you.
You suddenly lose the ability to move!
Grinder gestures at you. You resist with significant effort.
You can move again.
Unknown command.
Jessica the Apprentice Sorceress comes into view.
She is wielding a +5 club.
Jessica shouts!
Jessica drinks a potion.
Jessica flickers and vanishes!
Deactivating autopickup; reactivate with Ctrl-A.
Unknown command.
You hear some strange, mumbled words.
The teleport trap disappears.
Grinder disappears!
You hit the goblin. You burn the goblin.
You kill the goblin!
Things that are here:
a +0 dagger; a goblin corpse You hear some strange, mumbled words.
Pain shoots through your body!
There is a stone staircase leading up here.
You see here 12 gold pieces.
You now have 125 gold pieces (gained 12).
Something barely misses you. Something hits you! Something hits you.
You hear some strange, mumbled words.
You see here a fuming purple potion.
c - 3 fuming purple potions (gained 1)
Something hits you. Something hits you but does no damage. Something hits you.
* * * LOW HITPOINT WARNING * * *
Something hits you!
You die...

#)# #...####..#...#
#)###.### #).....#.##
#.....# #.#........ ###..##
##...>.##### ### #..#
####...~~~≈≈≈≈ ..## ####
#...<.~.~≈~~≈≈≈ ...#####
#......≈~≈~~≈≈≈ #......#
#......~≈~~≈≈≈≈
##.[[#..>####...@>.~≈≈~####
###.# #........{..~~~~.. ##
#.# ######....#.~.~~..
.###.### #....#.~≈~~..
..##...######....#~~.~~.
#...........#......~~~~.
#####.......#......~~≈..
#############.~~~≈. ~≈~.~


There were no monsters in sight!

Vanquished Creatures
  Sigmund (D:3)
  Robin (D:3)
  3 adders
  A worm (D:3)
  3 dart slugs (D:3)
  2 orcs (D:3)
  9 endoplasms
  12 goblins
  9 hobgoblins
  A jackal (D:3)
  2 quokkas
  4 ball pythons
  A bat (D:3)
  3 frilled lizards
  7 kobolds
  5 rats
64 creatures vanquished.

Notes
Turn   | Place    | Note
-------+----------+-------------------------------------------
     0 | D:1      | Nonny the Tengu Cinder Acolyte began the quest for the Orb.
     0 | D:1      | Reached XP level 1. HP: 14/14 MP: 3/3
     0 | D:1      | Epic starting vault: aftermath of orc and tengu violence!
   237 | D:1      | Reached XP level 2. HP: 13/19 MP: 4/4
   289 | D:1      | Learned a level 2 spell: Scorch
   770 | D:2      | Reached skill level 4 in Long Blades
   770 | D:2      | Reached XP level 3. HP: 23/23 MP: 0/5
  1086 | D:2      | Learned a level 1 spell: Beastly Appendage
  1109 | D:3      | Noticed Robin
  1162 | D:3      | Reached XP level 4. HP: 17/29 MP: 4/6
  1199 | D:3      | Found a glowing golden altar of the Shining One.
  1213 | D:3      | Found a faded altar of an unknown god.
  1265 | D:3      | Identified the +4 leather armour of Beogh's Inspiration
                  | {Int+4}
  1311 | D:3      | Noticed Sigmund
  1325 | D:3      | Killed Sigmund
  1326 | D:3      | Reached skill level 5 in Long Blades
  1326 | D:3      | Reached skill level 1 in Dodging
  1326 | D:3      | Gained mutation: Your magical nature lets you fly swiftly
                  | and evasively. [Tengu growth]
  1326 | D:3      | Reached XP level 5. HP: 31/34 MP: 0/7
  1326 | D:3      | Reached XP level 6. HP: 35/39 MP: 0/8
  1453 | D:3      | Found a shimmering blue altar of Sif Muna.
  1514 | D:3      | Killed Robin
  1661 | D:3      | Noticed Grinder
  1731 | D:3      | Paralysed by Grinder for 3 turns
  1737 | D:3      | Noticed Jessica
  1762 | D:3      | Slain by Jessica

Illustrated notes

#########
##......÷#
+÷÷÷....÷#
#÷÷....÷#
#.@.#
#.÷÷.÷.÷#
+....÷÷..#
##÷÷÷..÷.#
#########


Turn 0 on D:1: Epic starting vault: aftermath of orc and tengu violence!

Levels and vault maps discovered:
D:1:      heliophobic_arrival_battle_scene, layout_loops_ring,
          roderic_serpentine_path
D:2:      layout_basic
D:3:      minmay_chambers_of_threes, layout_rooms,
          mainiacjoe_overflow_boulevard, mainiacjoe_overflow_alcove_1,
          chequers_ecumenical_altar_island, chequers_serial_rivers_room_b,
          chequers_serial_rivers_large_a, uniq_jessica, uniq_robin,
          uniq_sigmund, uniq_grinder

Skill      XL: |  1  2  3  4  5  6 |
---------------+-------------------+-----
Long Blades    | 4 5 |  5.7
Fighting       | 4 |  4.8
Dodging        | 1 2 |  2.0
Armour         | |  0.2
Spellcasting   | |  1.0
Fire Magic     | |  3.2

Action                     |  1- 3 |  4- 6 || total
---------------------------+-------+-------++-------
  Melee: Falchion          |    77 |    61 ||   138
         Peck              |     9 |     8 ||    17
         Kick              |    12 |    14 ||    26
   Cast: Scorch            |    14 |     9 ||    23
 Armour: Robe              |     7 |       ||     7
         Ring mail         |    11 |     3 ||    14
         Leather armour    |       |    14 ||    14
  Dodge: Dodged            |    45 |    33 ||    78
